 Dungeon Crawl Stone Soup version 0.27.1-1-g398f81649c (webtiles) character file.

Game seed: 11814895199262927695

5476 pokedragonboy the Destroyer (level 10, -1/50 HPs)
             Began as a Deep Elf Conjurer on Sept 11, 2021.
             Was a Believer of Vehumet.
             Slain by a komodo dragon (26 damage)
             ... on level 1 of the Lair of Beasts.
             The game lasted 00:43:41 (10031 turns).

pokedragonboy the Destroyer (Deep Elf Conjurer)    Turns: 10031, Time: 00:43:42

Health: -1/50      AC:  7    Str:  4    XL:     10   Next: 42%
Magic:  16/26      EV: 13    Int: 27    God:    Vehumet [**....]
Gold:   333        SH:  0    Dex: 13    Spells: 19/30 levels left

rFire    + . .     SeeInvis .   a - staff of conjuration
rCold    + . .     Faith    .   (no shield)
rNeg     + + .     Spirit   .   y - +0 robe
rPois    .         Reflect  .   v - +2 hat
rElec    .         Harm     .   F - scarf {rC+ rF+}
rCorr    .         Rampage  .   A - +1 pair of gloves
Will     +....                  Q - +0 pair of boots
Stlth    +++.......             N - amulet of regeneration
HPRegen  1.16/turn              r - ring of positive energy
MPRegen  0.20/turn              C - ring of positive energy

@: lethally poisoned (-1 -> -2), studying Earth Magic
A: no striking features
a: Renounce Religion


You were on level 1 of the Lair of Beasts.
You worshipped Vehumet.
Vehumet was pleased with you.
You visited 2 branches of the dungeon, and saw 9 of its levels.

You collected 333 gold pieces.

Inventory:

Hand Weapons
 b - a +0 shortbow
 q - a +0 dagger of speed
 D - a +0 vampiric whip
Missiles
 e - 2 throwing nets
 n - 105 arrows
Armour
 v - a +2 hat (worn)
 y - a +0 robe (worn)
 A - a +1 pair of gloves (worn)
 F - a scarf of resistance (worn)
 I - the +1 ring mail "Uzekk" {rC+}
   (You found it on level 5 of the Dungeon)

   rC:        It protects you from cold.
 Q - a +0 pair of boots (worn)
Magical Staves
 a - a staff of conjuration (weapon)
Jewellery
 d - a ring of fire
 r - a ring of positive energy (left hand)
 C - a ring of positive energy (right hand)
 N - an amulet of regeneration (around neck)
Wands
 k - a wand of flame (33)
 E - a wand of polymorph (7)
 H - a wand of charming (7)
 L - a wand of iceblast (10)
 O - a wand of mindburst (20)
 R - a wand of paralysis (11)
Scrolls
 f - 2 scrolls of vulnerability
 g - 2 scrolls of teleportation
 i - 3 scrolls of holy word
 m - a scroll of blinking {unknown}
 o - a scroll of immolation {unknown}
 t - a scroll of fear
 x - 2 scrolls of magic mapping {unknown}
 B - a scroll of summoning {unknown}
 K - a scroll of enchant weapon {unknown}
 M - a scroll of amnesia {unknown}
Potions
 c - a potion of berserk rage
 h - 2 potions of might
 j - 5 potions of curing
 l - a potion of resistance
 p - 2 potions of ambrosia
 s - a potion of attraction {unknown}
 u - a potion of degeneration {unknown}
 w - a potion of brilliance {unknown}
 z - a potion of flight {unknown}
 J - a potion of heal wounds {unknown}
 P - 2 potions of mutation


   Skills:
 - Level 2.0 Staves
 - Level 5.0 Dodging
 - Level 6.0 Stealth
 + Level 10.6 Spellcasting
 * Level 12.8 Conjurations
 - Level 5.0 Hexes


You had 19 spell levels left.
You knew the following spells:

 Your Spells              Type           Power      Damage    Failure   Level
a - Magic Dart            Conj           100%       1d8       1%          1
b - Searing Ray           Conj           100%       3d7       1%          2
c - Fulminant Prism       Conj/Hex       38%        3d18      1%          4
d - Iskenderun's Mystic   Conj/Tloc      65%        2d13      3%          4

Your spell library contained the following spells:

 Spells                   Type           Power      Damage    Failure   Level
 Poisonous Vapours        Pois/Air       28%        N/A       6%          2
 Dazzling Flash           Conj/Hex       100%       N/A       1%          3
 Beastly Appendage        Tmut           28%        N/A       4%          1
 Wereblood                Tmut           14%        N/A       6%          2
 Spider Form              Tmut/Pois      7%         N/A       12%         3
 Summon Forest            Summ/Tloc      7%         N/A       75%         5
 Eringya's Noxious Bog    Tmut/Pois      7%         N/A       99%         6
 Summon Hydra             Summ           7%         N/A       100%        7


Dungeon Overview and Level Annotations

Branches:
Dungeon (8/15)             Temple (0/1) D:7            Lair (1/6) D:8

Altars:
Cheibriados
Vehumet
Xom
The Shining One

Annotations:
D:7 exclusion: two-headed ogre


Message History

You feel a surge of power!
The searing ray hits the black mamba!
The black mamba is severely wounded. (Press . to maintain the ray.)
The black mamba bites you!
You are poisoned.
The black mamba poisons you!
A komodo dragon comes into view.
The searing ray hits the black mamba!
The black mamba is almost dead.
You feel very sick.
The black mamba bites you but does no damage.
The black mamba bites you.
The searing ray hits the black mamba!
You kill the black mamba!
Vehumet accepts your kill.
You feel your power returning.
You feel very sick.
Okay, then.
You feel sick.
A nearby fungus withers and dies.
Casting: Searing Ray (safe; 1% risk of failure)
Confirm with . or Enter, or press ? or * to list all spells.
Aiming: Searing Ray (safe; 1% risk of failure)
Press: ? - help, Shift-Dir - straight line, f - komodo dragon
Aim: a komodo dragon (87% to hit)
You feel a surge of power!
The searing ray hits the komodo dragon!
The komodo dragon is moderately wounded. (Press . to maintain the ray.)
You feel sick.
The searing ray hits the komodo dragon!
The komodo dragon is heavily wounded.
You feel sick.
The searing ray hits the komodo dragon!
The komodo dragon is severely wounded.
You feel sick.
The searing ray hits the komodo dragon.
The komodo dragon is severely wounded.
You finish channeling your searing ray.
You feel sick. The komodo dragon bites you!!
Ouch! That really hurt!
You die...

#..........#
#..........#
#.##.##....#######
#.P#.##<.†.#....P.
#..#.##...†.......
#.##.##...........
#..#..P...........
#..........##....#
#@l........# .....
#..##....... ....P
#.†####..####.....#
#.... ##.# ......
#...... #.. .....
#....... .........
##.........
#..........


You could see a komodo dragon.

Vanquished Creatures
  A black mamba (Lair:1)
  A hornet (D:8)
  5 blink frogs (Lair:1)
  A yak (D:8)
  2 wyverns
  A wraith (D:7)
  4 water moccasins
  2 black bears (D:8)
  A sky beast (D:5)
  An ice beast (D:5)
  2 orc warriors
  3 centaurs (D:8)
  2 ogres
  2 phantoms
  A kobold brigand (D:8)
  3 bullfrogs (D:8)
  A gnoll sergeant (D:8)
  4 scorpions
  4 killer bees (D:8)
  A howler monkey (D:8)
  2 bullfrog zombies (D:6)
  3 centaur zombies
  3 hounds
  3 jellies
  An orc priest (D:7)
  2 centaur skeletons
  A gnoll shaman (D:7)
  A bullfrog skeleton (D:6)
  4 iguanas
  Jessica (D:3)
  Natasha (thrice) (D:3)
  4 orc wizards
  2 killer bee zombies
  2 hound skeletons
  Robin (D:3)
  A howler monkey skeleton (D:7)
  6 gnolls
  7 adders
  A white imp (D:7)
  2 adder skeletons
  An adder zombie (D:5)
  5 worms
  6 dart slugs
  22 orcs
  7 endoplasms
  6 giant cockroaches
  11 hobgoblins
  6 jackals
  4 kobolds
  3 quokkas
  6 ball pythons
  3 bats
  A frilled lizard (D:3)
  9 goblins
  2 rats (D:3)
184 creatures vanquished.

Vanquished Creatures (others)
  8 fulminant prisms
  3 fungi
  A plant (D:8)
12 creatures vanquished.

Grand Total: 196 creatures vanquished

Notes
Turn   | Place    | Note
-------+----------+-------------------------------------------
     0 | D:1      | pokedragonboy the Deep Elf Conjurer began the quest for the
                  | Orb.
     0 | D:1      | Reached XP level 1. HP: 10/10 MP: 6/6
   523 | D:1      | Reached XP level 2. HP: 15/15 MP: 6/8
   526 | D:1      | Learned a level 2 spell: Searing Ray
   730 | D:1      | Found a faded altar of an unknown god.
  1368 | D:2      | Reached skill level 5 in Conjurations
  1399 | D:2      | Reached XP level 3. HP: 19/19 MP: 3/10
  2086 | D:2      | Reached XP level 4. HP: 24/24 MP: 9/11
  2214 | D:3      | Learned a level 4 spell: Fulminant Prism
  2275 | D:3      | Noticed Natasha
  2278 | D:3      | Killed Natasha
  2328 | D:3      | Noticed Natasha
  2332 | D:3      | Killed Natasha
  2480 | D:3      | Noticed Natasha
  2484 | D:3      | Killed Natasha
  2485 | D:3      | Reached skill level 6 in Conjurations
  2485 | D:3      | Reached XP level 5. HP: 28/28 MP: 3/13
  2618 | D:3      | Noticed Jessica
  2621 | D:3      | Killed Jessica
  2748 | D:3      | Found a shimmering altar of Xom.
  2796 | D:3      | Noticed Robin
  2800 | D:3      | Killed Robin
  3356 | D:4      | Noticed an ogre
  3591 | D:4      | Reached skill level 5 in Spellcasting
  3721 | D:4      | Noticed a phantom
  3726 | D:4      | Reached XP level 6. HP: 32/32 MP: 10/15
  3732 | D:4      | Reached skill level 7 in Conjurations
  4241 | D:4      | Found a glowing golden altar of the Shining One.
  4493 | D:4      | Reached skill level 1 in Hexes
  4545 | D:5      | Entered Level 5 of the Dungeon
  4550 | D:5      | Reached XP level 7. HP: 36/36 MP: 11/17
  4751 | D:5      | Reached skill level 8 in Conjurations
  5144 | D:5      | Found a radiant altar of Vehumet.
  5156 | D:5      | Became a worshipper of Vehumet
  5162 | D:5      | Reached XP level 8. HP: 41/41 MP: 14/20
  5292 | D:5      | Identified the +1 ring mail "Uzekk" {rC+}
  5438 | D:5      | Reached skill level 9 in Conjurations
  6569 | D:6      | Learned a level 4 spell: Iskenderun's Mystic Blast
  6631 | D:6      | Reached skill level 5 in Dodging
  6960 | D:7      | Noticed a two-headed ogre
  6983 | D:7      | Reached skill level 10 in Conjurations
  7356 | D:7      | Reached XP level 9. HP: 45/45 MP: 18/23
  7480 | D:7      | Reached * piety under Vehumet
  7480 | D:7      | Offered knowledge of Sandblast by Vehumet.
  7487 | D:7      | Reached skill level 5 in Hexes
  7864 | D:7      | Found a staircase to the Ecumenical Temple.
  8577 | D:7      | Reached skill level 11 in Conjurations
  8642 | D:8      | Reached skill level 5 in Stealth
  8928 | D:8      | Found a staircase to the Lair.
  9288 | D:8      | Reached XP level 10. HP: 30/50 MP: 13/25
  9369 | D:8      | Reached skill level 10 in Spellcasting
  9369 | D:8      | Reached skill level 12 in Conjurations
  9527 | D:8      | Found a snail-covered altar of Cheibriados.
  9902 | Lair:1   | Entered Level 1 of the Lair of Beasts
  9914 | Lair:1   | Reached ** piety under Vehumet
  9915 | Lair:1   | Reached skill level 1 in Staves
  9919 | Lair:1   | Offered knowledge of Poisonous Vapours by Vehumet.
 10021 | Lair:1   | Noticed a black mamba
 10026 | Lair:1   | Killed a black mamba
 10031 | Lair:1   | Slain by a komodo dragon

Illustrated notes

Levels and vault maps discovered:
D:1:      psy_arrival_terrarium, layout_basic, hellmonk_ecumenical_altar_run_dry
D:2:      layout_loops_ring, minmay_misc_feat_plants
D:3:      layout_loops_ring, mainiacjoe_overflow_brackets, minmay_cupped,
          uniq_jessica, uniq_robin, uniq_natasha
D:4:      minmay_opposing_rooms, layout_gridville, general_overflow_altar
D:5:      layout_basic, mainiacjoe_overflow_boulevard,
          kennysheep_generic_room_14
D:6:      layout_basic, minmay_crystal_water
D:7:      layout_cave_pods, temple_statues, kennysheep_crisscross,
          minmay_manual_mess
D:8:      layout_cave_pods, kennysheep_slug_shrine, david_lair_generic,
          minmay_statues_item, minmay_bent
Lair:1:   layout_gridlike, nzn_sisyphean_effort

Skill      XL: |  1  2  3  4  5  6  7  8  9 10 |
---------------+-------------------------------+-----
Stealth        | 3 6 |  6.0
Conjurations   | 5 6 7 8 10 11 12 | 12.8
Dodging        | 3 5 |  5.0
Spellcasting   | 4 5 6 8 9 10 | 10.6
Hexes          | 1 3 4 5 |  5.0
Staves         | 2 |  2.0

Action                   |  1- 3 |  4- 6 |  7- 9 | 10-12 || total
-------------------------+-------+-------+-------+-------++-------
Melee: Unarmed           |     5 |       |       |       ||     5
       Staff             |       |       |       |     1 ||     1
 Cast: Magic Dart        |    54 |    51 |   138 |    17 ||   260
       Searing Ray       |     5 |    23 |    60 |    15 ||   103
       Fulminant Prism   |       |       |     8 |       ||     8
       Iskenderun's Myst |       |       |     1 |     1 ||     2
  Use: Scroll            |       |     4 |     4 |     2 ||    10
       Potion            |       |       |     2 |       ||     2
Armor: Robe              |     5 |     4 |    11 |     5 ||    25
Dodge: Dodged            |    14 |     5 |    37 |    13 ||    69
